 Dungeon Crawl Stone Soup version 0.28.0-53-g5a82cb258f (webtiles) character file.

Game seed: 16030201440989316047

230 issech the Chopper (level 5, -4/47 HPs)
             Began as a Minotaur Monk on May 28, 2022.
             Slain by an ogre
             ... wielding a +0 giant club
              (22 damage)
             ... on level 5 of the Dungeon.
             The game lasted 00:07:11 (3520 turns).

issech the Chopper (Minotaur Monk)                  Turns: 3520, Time: 00:07:11

Health: -4/47      AC:  8    Str: 15    XL:     5   Next: 72%
Magic:  4/4        EV:  7    Int:  7    God:
Gold:   201        SH:  0    Dex: 15    Spells: 4/4 levels left

rFire   . . .      SeeInvis .   a - +0 hand axe
rCold   . . .      Faith    .   (no shield)
rNeg    . . .      Spirit   .   n - +0 chain mail
rPois   .          Reflect  .   (helmet restricted)
rElec   .          Harm     .   (no cloak)
rCorr   .          Rampage  .   (no gloves)
Will    .....                   (no boots)
Stlth   ..........              h - amulet of magic regeneration
HPRegen 0.15/turn               (no ring)
MPRegen 0.49/turn               (no ring)

@: no status effects
A: horns 2, retaliatory headbutt
a: no special abilities


You were on level 5 of the Dungeon.
You visited 1 branch of the dungeon, and saw 5 of its levels.

You collected 201 gold pieces.

Inventory:

Hand Weapons
 a - a +0 hand axe (weapon)
 o - a +0 hunting sling
 u - a +0 dagger of venom
Missiles
 d - 40 bolts
 i - 73 stones (quivered)
 G - 45 sling bullets
 H - 33 arrows
Armour
 b - a +0 robe
 k - a +0 ring mail
 n - a +0 chain mail (worn)
 E - a +0 leather armour
 I - a +0 ring mail
Jewellery
 h - an amulet of magic regeneration (around neck)
Wands
 e - a wand of polymorph (8)
Scrolls
 f - 2 scrolls of teleportation {unknown}
 g - a scroll of fog {unknown}
 m - 2 scrolls of identify {unknown}
 p - a scroll of summoning {unknown}
 z - a scroll of acquirement {unknown}
 A - 2 scrolls of amnesia {unknown}
 C - a scroll of enchant weapon {unknown}
 J - 2 scrolls of magic mapping {unknown}
Potions
 c - 2 potions of heal wounds {unknown}
 j - 2 potions of curing {unknown}
 s - a potion of brilliance {unknown}
 B - a potion of mutation {unknown}


   Skills:
 + Level 4.5 Fighting
 + Level 5.9 Axes
 + Level 2.7 Armour
 + Level 3.8 Dodging
 + Level 2.1 Stealth


You had 4 spell levels left.
You didn't know any spells.
Your spell library contained the following spells:

 Spells                   Type           Power      Damage    Failure   Level
 Ozocubu's Armour         Ice            0%         N/A       100%        3
 Blade Hands              Tmut           0%         N/A       100%        5
 Irradiate                Conj/Tmut      0%         3d13      100%        5
 Dragon Form              Tmut           0%         N/A       100%        7
 Ozocubu's Refrigeration  Ice            0%         4d5       100%        7


Dungeon Overview and Level Annotations

Branches:
Dungeon (5/15)
 Temple: D:4-7

Altars:
Uskayaw

Annotations:
D:4 Dowan, Duvessa


Innate Abilities, Weirdness & Mutations

You have a pair of horns on your head.
You reflexively headbutt those who attack you in melee.


Message History

The iguana bites you.
There is a stone staircase leading down here.
You climb downwards.
There is a stone staircase leading up here.
You barely miss the scorpion. You punch the scorpion.
The scorpion is lightly wounded.
The scorpion stings you but does no damage.
You hit the scorpion.
The scorpion is moderately wounded.
The scorpion barely misses you.
You closely miss the scorpion. Your headbutt misses the scorpion.
The scorpion is moderately wounded.
The scorpion stings you!
You hit the scorpion. Your headbutt misses the scorpion.
The scorpion is heavily wounded.
The scorpion barely misses you. You furiously retaliate!
You headbutt the scorpion. You barely miss the scorpion.
The scorpion is severely wounded.
The scorpion closely misses you. You furiously retaliate!
You headbutt the scorpion.
You kill the scorpion!
You see here a scorpion corpse.
You start resting.
HP restored.
Found a dagger.
Found 15 gold pieces.
An ogre comes into view. It is wielding a +0 giant club.
You hit the ogre. You headbutt the ogre! You punch the ogre, but do no damage.
The ogre is moderately wounded.
The ogre hits you with a +0 giant club!!
You hit the ogre.
The ogre is heavily wounded.
The ogre hits you with a +0 giant club!
You barely miss the ogre.
The ogre is heavily wounded.
You slash the ogre!
The ogre is almost dead.
The ogre hits you with a +0 giant club!!
You die...

#.# #.# #.# . #.#
.. # #.#### ...
#)##.#..# ....
#....#..# .....
####....####......
#....##...@O......
#.##########$.....
#.##.# ..###
#....# .# ####.# #
# #.# .#
#.#######.#
#.#.......####
#.#.##.......#


You could see an ogre.

Vanquished Creatures
  A necrophage (D:3)
  A scorpion (D:5)
  2 adders
  A worm (D:3)
  2 dart slugs
  5 ball pythons
  5 endoplasms
  2 giant cockroaches
  3 goblins
  4 hobgoblins
  9 jackals
  5 kobolds
  2 quokkas
  5 bats
  3 frilled lizards (D:1)
  10 rats
60 creatures vanquished.

Notes
Turn   | Place    | Note
-------+----------+-------------------------------------------
     0 | D:1      | issech the Minotaur Monk began the quest for the Orb.
     0 | D:1      | Reached XP level 1. HP: 19/19 MP: 0/0
   237 | D:1      | Reached XP level 2. HP: 27/27 MP: 1/1
   393 | D:1      | Reached skill level 4 in Axes
  1398 | D:2      | Found a faded altar of an unknown god.
  1411 | D:2      | Reached XP level 3. HP: 29/33 MP: 2/2
  1809 | D:2      | Found a hide-covered altar of Uskayaw.
  2196 | D:3      | Reached XP level 4. HP: 21/40 MP: 3/3
  2419 | D:3      | Reached skill level 5 in Axes
  2898 | D:3      | Noticed a necrophage
  2910 | D:3      | Killed a necrophage
  2911 | D:3      | Reached XP level 5. HP: 32/47 MP: 4/4
  3307 | D:4      | Noticed Duvessa
  3307 | D:4      | Noticed Dowan
  3319 | D:5      | Entered Level 5 of the Dungeon
  3513 | D:5      | Noticed an ogre
  3520 | D:5      | Slain by an ogre

Illustrated notes

Levels and vault maps discovered:
D:1:      dpeg_arrival_erosion, layout_basic
D:2:      layout_rooms, basic_ecumenical_altar, basic_altar
D:3:      layout_loops_cross, grunt_ministairs_8
D:4:      layout_loops_ring, kennysheep_dice, uniq_duvessa
D:5:      layout_basic, minmay_temple_entry_nine_rooms, st_stairs_8,
          uniq_blork_the_orc

Skill      XL: |  1  2  3  4 |
---------------+-------------+-----
Axes           | 4 5 |  5.9
Fighting       | 4 |  4.5
Stealth        | 2 |  2.1
Armour         | 2 |  2.7
Dodging        | |  3.8

Action                   |  1- 3 |  4- 6 || total
-------------------------+-------+-------++-------
Melee: Hand axe          |   101 |    57 ||   158
       Headbutt          |    16 |    11 ||    27
       Punch             |     4 |     4 ||     8
Throw: Stone             |     1 |     2 ||     3
 Stab: Sleeping          |     3 |       ||     3
Armor: Robe              |     6 |       ||     6
       Chain mail        |    46 |    37 ||    83
       Ring mail         |     2 |       ||     2
Dodge: Dodged            |    56 |    28 ||    84
